 Dungeon Crawl Stone Soup version 0.30-a0-43-gbbf338a72c (webtiles) character file.

Game seed: 17825615803984110379

46 Newt the Cutter (level 3, -1/27 HPs)
             Began as a Demonspawn Gladiator on Aug 31, 2022.
             Slain by a goblin
             ... wielding a +0 club
             ... led by Robin
              (5 damage)
             ... on level 2 of the Dungeon.
             The game lasted 00:01:43 (1393 turns).

Newt the Cutter (Demonspawn Gladiator)              Turns: 1393, Time: 00:01:43

Health: -1/27      AC:  4    Str: 14    XL:     3   Next: 46%
Magic:  3/3        EV:  9    Int:  9    God:
Gold:   20         SH:  4    Dex: 16    Spells: 2/2 levels left

rFire   . . .      SeeInvis .    f - +1 dagger (venom)
rCold   . . .      Faith    .    (no shield)
rNeg    . . .      Spirit   .    b - +0 leather armour
rPois   .          Reflect  .    c - +0 helmet
rElec   .          Harm     .    (no cloak)
rCorr   +          Rampage  .    (no gloves)
Will    .....                    (no boots)
Stlth   ++........               (no amulet)
HPRegen 0.09/turn                g - ring of resist corrosion
MPRegen 0.08/turn                (no ring)

@: grasped by roots, constricted
A: condensation shield
a: no special abilities


You were on level 2 of the Dungeon.
You visited 1 branch of the dungeon, and saw 2 of its levels.

You collected 20 gold pieces.

Inventory:

Hand Weapons
 a - a +0 rapier
 f - a +1 dagger of venom (weapon)
Missiles
 d - 3 throwing nets (quivered)
 e - a javelin
 l - 2 atropa-tipped darts
Armour
 b - a +0 leather armour (worn)
 c - a +0 helmet (worn)
Jewellery
 g - a ring of resist corrosion (left hand)
Scrolls
 h - a scroll of identify {unknown}
 i - a scroll of vulnerability {unknown}
Potions
 j - a potion of flight {unknown}
 k - a potion of heal wounds {unknown}


   Skills:
 - Level 2.0 Fighting
 + Level 3.5 Short Blades
 - Level 1.7 Throwing
 - Level 2.6 Dodging
 - Level 2.0 Stealth


You had 2 spell levels left.
You didn't know any spells.
Your spell library was empty.

Dungeon Overview and Level Annotations

Branches:
Dungeon (2/15)

Altars:

Annotations:
D:2 Robin


Innate Abilities, Weirdness & Mutations

A meltable shield of frost defends you. (SH +4)


Message History

The goblins go into a battle-frenzy!
The goblin hits you with a +0 club. The goblin misses you.
You hear a shout!
You closely miss the goblin.
The goblin is severely wounded.
You hear a shout!
You kill the goblin!
A goblin comes into view. It is wielding a +0 club.
The goblin closely misses you.
You closely miss the quokka.
The quokka bites you but does no damage.
The goblin barely misses you.
You hit the quokka.
The quokka is poisoned.
The quokka is heavily wounded.
You block the quokka's attack. The goblin barely misses you.
You hit the quokka.
You kill the quokka!
You hit the goblin.
The goblin is poisoned.
The goblin is heavily wounded.
Robin zaps a wand.
The roots erupt in riotous growth!
The grasping roots grab you!
The goblin is unaffected.
The grasping roots constrict you. The goblin barely misses you.
Unknown command.
Unknown command.
You hit the goblin.
The goblin looks as sick as possible!
The goblin is severely wounded.
You kill the goblin!
The grasping roots constrict you.
Unknown command.
The roots grasp on you weakens, but your attempt to escape fails.
Robin throws the goblin at you! The grasping roots constrict you.
* * * LOW HITPOINT WARNING * * *
You block the goblin's attack.
Unknown command.
You barely miss the goblin. Robin hits you but does no damage.
The grasping roots constrict you.
* * * LOW HITPOINT WARNING * * *
The goblin hits you with a +0 club.
You die... #.############## #.....g@g...<..# ################

You could see Robin and a goblin (strong).

Vanquished Creatures
  A gnoll (D:1)
  A dart slug (D:1)
  2 ball pythons (D:1)
  4 endoplasms (D:1)
  3 giant cockroaches (D:1)
  7 goblins
  2 hobgoblins
  3 quokkas
  A frilled lizard (D:1)
  A kobold (D:1)
  7 rats (D:1)
32 creatures vanquished.

Notes
Turn   | Place    | Note
-------+----------+-------------------------------------------
     0 | D:1      | Newt the Demonspawn Gladiator began the quest for the Orb.
     0 | D:1      | Reached XP level 1. HP: 16/16 MP: 1/1
    71 | D:1      | Reached skill level 1 in Stealth
   405 | D:1      | Gained mutation: A meltable shield of frost defends you.
                  | (SH +4) [demonic ancestry]
   405 | D:1      | Reached XP level 2. HP: 22/22 MP: 2/2
   914 | D:1      | Found a faded altar of an unknown god.
  1001 | D:1      | Reached skill level 3 in Short Blades
  1361 | D:1      | Reached XP level 3. HP: 18/27 MP: 3/3
  1373 | D:2      | Noticed Robin
  1393 | D:2      | Slain by a goblin

Illustrated notes

Levels and vault maps discovered:
D:1:      onia_arrival_handbag, layout_rooms, hellmonk_ecumenical_altar_zigzags,
          minmay_fountain_box, columned_hall_lemuel
D:2:      layout_basic, uniq_robin

Skill      XL: |  1  2 |
---------------+-------+-----
Stealth        | 1 2 |  2.0
Short Blades   | 3 |  3.5
Fighting       | |  2.0
Throwing       | |  1.7
Dodging        | |  2.6

Action                   || total
-------------------------++-------
Melee: Rapier            ||    21
       Dagger            ||    68
 Stab: Sleeping          ||     3
Armor: Leather armour    ||    26
Dodge: Dodged            ||    47
Block: Other             ||    14

Table legend: (Time is in decaauts)
 A = Elapsed time spent in this place.
 B = Non-inter-level travel time spent in this place.
 C = Inter-level travel time spent in this place.
 D = Time resting spent in this place.
 E = Time spent auto-exploring this place.
 F = Levels seen in this place.
 G = Mean time per level.
                   A        B        C        D        E       F      G
               +--------+--------+--------+--------+--------+-----+--------+
         Total |   1383 |   1322 |     61 |    613 |    534 |   2 |  691.5 |
       Dungeon |   1383 |   1322 |     61 |    613 |    534 |   2 |  691.5 |
               +--------+--------+--------+--------+--------+-----+--------+

Top non-repeatable levels by time:
     D:1: 1364 daAuts
     D:2: 19 daAuts
